 Dungeon Crawl Stone Soup version 0.30.1-4-g462c640d31 (webtiles) character file.

Game seed: 9085684197648331334

126 booth the Chopper (level 4, -2/36 HPs)
             Began as a Demonspawn Monk on Aug 12, 2023.
             Slain by a cerulean imp
             ... wielding a +2 spear
             ... summoned by Natasha
              (6 damage)
             ... on level 2 of the Dungeon.
             The game lasted 00:09:29 (1745 turns).

booth the Chopper (Demonspawn Monk)                 Turns: 1745, Time: 00:09:29

Health: -2/36      AC:  3    Str: 13    XL:     4   Next: 83%
Magic:  5/5        EV: 13    Int: 11    God:
Gold:   65         SH:  0    Dex: 16    Spells: 5/5 levels left

rFire   . . .        a - +0 hand axe
rCold   . . .        d - orb {light}
rNeg    . . .        b - +0 robe
rPois   .            i - +0 helmet
rElec   .            (no cloak)
rCorr   .            (no gloves)
SInv    .            (no boots)
Will    .....        (no amulet)
Stlth   +            (no ring)
HPRegen 0.26/turn    (no ring)
MPRegen 0.09/turn

%: no passive effects
@: flying, glowing
A: weakness stinger 1
a: no special abilities


You were on level 2 of the Dungeon.
You visited 1 branch of the dungeon, and saw 2 of its levels.

You collected 65 gold pieces.

Inventory:

Hand Weapons
 a - a +0 hand axe (weapon)
 f - the +7 flail of Xecviockad {venom, rC- Dex+6}
   (You took it off a hobgoblin on level 2 of the Dungeon)

   Dex:       It affects your dexterity (+6).
   rC:        It makes you vulnerable to cold.
 j - a +0 mace
Missiles
 g - 6 poisoned darts (quivered)
Armour
 b - a +0 robe (worn)
 d - an orb of light (worn)
 i - a +0 helmet (worn)
Scrolls
 e - a scroll of brand weapon {unknown}
Potions
 c - a potion of ambrosia


   Skills:
 + Level 3.6 Fighting
 * Level 3.7(3.8) Axes
 + Level 1.1(2.6) Maces & Flails
 + Level 3.2 Dodging
 + Level 1.2 Spellcasting


You had 5 spell levels left.
You didn't know any spells.
Your spell library contained the following spells:

 Spells                   Type           Power      Damage    Failure   Level
 Apportation              Tloc           0%         N/A       32%         1
 Necrotise                Necr           0%         1d4       32%         1
 Summon Small Mammal      Summ           0%         N/A       32%         1
 Lesser Beckoning         Tloc           0%         N/A       43%         2
 Gell's Gravitas          Tloc           0%         N/A       67%         3
 Teleport Other           Tloc           0%         N/A       67%         3


Dungeon Overview and Level Annotations

Branches:
Dungeon (2/15)

Altars:

Annotations:
D:2 Natasha


Innate Abilities, Weirdness & Mutations

You have a small tail.


Message History

Natasha claws you.
The cerulean imp hits you from afar with a +2 spear.
You hit Natasha but do no damage.
Natasha is moderately wounded.
Natasha claws you.
The cerulean imp hits you but does no damage.
You closely miss Natasha.
Your tail-slap misses Natasha.
Natasha is moderately wounded.
Natasha misses you.
The cerulean imp hits you but does no damage.
You hit Natasha but do no damage.
Natasha is heavily wounded.
Natasha claws you. The cerulean imp misses you.
You hit Natasha.
Natasha is heavily wounded.
Natasha stares at you and mumbles some strange words.
You resist with some effort. The cerulean imp barely misses you.
Natasha barely misses you.
You hit Natasha.
Natasha is severely wounded.
The cerulean imp hits you from afar with a +2 spear.
Natasha claws you!
* * * LOW HITPOINT WARNING * * *
The cerulean imp misses you.
You don't know any spells.
Sorry, you're not good enough to have a special ability.
Throw: 7 darts (poison)
Press: ? - help, Q - select action Shift-Dir - straight line, f/p - Natasha
Aim: Natasha (severely wounded, poisoned, haloed, 71% to hit)
You throw a poisoned dart. The poisoned dart hits Natasha.
Natasha looks even sicker.
Natasha is severely wounded.
Natasha barely misses you.
The cerulean imp hits you from afar with a +2 spear.
* * * LOW HITPOINT WARNING * * *
It was a potion of flight.
You feel very buoyant.
You fly up into the air.
Natasha claws you but does no damage.
The cerulean imp hits you from afar with a +2 spear.
You die...

#.##.#
###########.##.#
............##.#
....>....#####.#
..##.......# #.#
#.##..##.#.# #.#
#..†.....#.# #.#
####..#..#.###.#####
# #..#..#.....h@..#
# #.†...######5###.#
# #.....'..#.(.# # #
#.....##.#.###
........ #.
#..........
#..........
...........


You could see Natasha (very poisoned) and a cerulean imp (summoned).

Vanquished Creatures
  Natasha (twice) (D:2)
  Robin (D:2)
  An adder (D:2)
  A dart slug (D:2)
  4 ball pythons
  3 bats
  4 endoplasms
  3 giant cockroaches (D:1)
  9 goblins
  10 hobgoblins
  4 jackals (D:1)
  6 frilled lizards
  2 kobolds (D:1)
50 creatures vanquished.

Notes
Turn   | Place    | Note
-------+----------+-------------------------------------------
     0 | D:1      | booth the Demonspawn Monk began the quest for the Orb.
     0 | D:1      | Reached XP level 1. HP: 18/18 MP: 1/1
   120 | D:1      | Discovered your monstrous ancestry.
   120 | D:1      | Gained mutation: You have a small tail. [demonic ancestry]
   120 | D:1      | Reached XP level 2. HP: 24/24 MP: 2/2
   730 | D:1      | Reached XP level 3. HP: 29/29 MP: 3/3
  1017 | D:2      | Noticed Natasha
  1037 | D:2      | Killed Natasha
  1291 | D:2      | Noticed Robin
  1294 | D:2      | Reached skill level 1 in Spellcasting
  1294 | D:2      | Reached XP level 4. HP: 35/35 MP: 5/5
  1302 | D:2      | Identified the +7 flail of Xecviockad {venom, rC- Dex+6}
  1323 | D:2      | Killed Robin
  1324 | D:2      | Reached skill level 1 in Maces & Flails
  1470 | D:2      | Noticed Natasha
  1482 | D:2      | Killed Natasha
  1603 | D:2      | Noticed Natasha
  1654 | D:2      | Found a faded altar of an unknown god.
  1745 | D:2      | Slain by a cerulean imp

Illustrated notes

Levels and vault maps discovered:
D:1:      minmay_arrival_stair_chambers, layout_loops_ring
D:2:      layout_basic, ebering_ecumenical_altar_webs, minmay_indecisive_spiral,
          uniq_robin, uniq_natasha

Skill      XL: |  1  2  3  4 |
---------------+-------------+-----
Axes           | 3 |  3.7
Dodging        | 3 |  3.2
Spellcasting   | 1 |  1.2
Maces & Flails | 1 |  1.1
Fighting       | |  3.6

Action                     |  1- 3 |  4- 6 || total
---------------------------+-------+-------++-------
  Melee: Hand axe          |    96 |    32 ||   128
         Tailslap          |     9 |     4 ||    13
  Throw: Dart              |     3 |     9 ||    12
    Use: Scroll            |     6 |       ||     6
         Potion            |     2 |     1 ||     3
 Armour: Robe              |    16 |     5 ||    21
  Dodge: Dodged            |    51 |    38 ||    89
